 Dungeon Crawl Stone Soup version 0.20-b1-2-gc5a9893 (webtiles) character file.

2913 lauthentik the Cleaver (level 9, -2/78 HPs)
             Began as a Hill Orc Fighter on May 22, 2017.
             Was a Believer of Beogh.
             Slain by a water moccasin (7 damage)
             ... on level 8 of the Dungeon.
             The game lasted 00:16:18 (5583 turns).

lauthentik the Cleaver (Hill Orc Fighter)           Turns: 5583, Time: 00:16:19

Health: -2/78      AC: 15    Str: 22    XL:     9   Next: 78%
Magic:  9/9        EV:  7    Int:  8    God:    Beogh [**....]
Gold:   256        SH: 15    Dex: 10    Spells: 8/8 levels left

rFire    + . .     SeeInvis .   I - +0 broad axe
rCold    . . .     Gourm    .   c - +0 shield
rNeg     . . .     Faith    .   H - +0 chain mail
rPois    .         Spirit   .   N - +2 hat
rElec    .         Reflect  .   (no cloak)
rCorr    .         Harm     .   K - +0 pair of gloves (curse)
MR       +....                  r - +0 pair of boots
Stlth    ..........             (no amulet)
Regen    0.3/turn               e - ring of protection from fire
MPRegen  0.2/turn               h - ring of flight

@: lethally poisoned (-2 -> -4)
A: large bone plates 1, blink, high mp 1, magic resistance 1
a: Blink, Smiting, Renounce Religion, Evoke Flight


You were on level 8 of the Dungeon.
You worshipped Beogh.
Beogh was pleased with you.
You were not hungry.

You visited 2 branches of the dungeon, and saw 9 of its levels.

You collected 256 gold pieces.

Inventory:

Hand Weapons
 b - a cursed +0 battleaxe
 G - a +0 war axe
 I - a +0 broad axe (weapon)
Missiles
 n - 12 tomahawks (quivered)
Armour
 c - a +0 shield (worn)
 r - a +0 pair of boots (worn)
 H - a +0 chain mail (worn)
 J - a +0 cloak
 K - a cursed +0 pair of gloves (worn)
 N - a +2 hat (worn)
Jewellery
 e - a ring of protection from fire (left hand)
 h - a ring of flight (right hand)
 s - an uncursed ring of protection from fire
 L - an uncursed amulet of harm {unknown}
Scrolls
 g - a scroll of immolation {unknown}
 i - 8 scrolls of remove curse {unknown}
 j - 2 scrolls of fear {unknown}
 k - 5 scrolls of blinking {unknown}
 m - 2 scrolls of fog {unknown}
 o - 4 scrolls of identify {unknown}
 q - a scroll of vulnerability {unknown}
 t - a scroll of enchant weapon {unknown}
 u - 2 scrolls of magic mapping {unknown}
 x - a scroll of random uselessness {unknown}
 y - 2 scrolls of teleportation {unknown}
 B - 2 scrolls of recharging {unknown}
Potions
 d - 2 potions of might
 l - a potion of mutation
 v - a potion of degeneration {unknown}
 z - a potion of curing
 A - a potion of resistance {unknown}
 C - a potion of flight {unknown}
 D - a potion of heal wounds {unknown}
 E - 2 potions of agility
 F - a potion of invisibility {unknown}
Comestibles
 a - a fruit
 f - 9 bread rations
 p - 3 meat rations
 w - 4 royal jellies
 M - 2 chunks of flesh


   Skills:
 + Level 6.4 Fighting
 + Level 11.0 Axes
 + Level 1.1 Throwing
 + Level 6.9 Armour
 + Level 2.6 Dodging
 + Level 0.1 Stealth
 + Level 7.7 Shields


You had 8 spell levels left.
You didn't know any spells.

Dungeon Overview and Level Annotations

Branches:
Dungeon (8/15)             Temple (1/1) D:4
   Lair: D:8-11

Altars:
Ashenzari
Cheibriados
Dithmenos
Elyvilon
Fedhas
Gozag
Hepliaklqana
Makhleb
Nemelex Xobeh
Okawaru
Qazlal
Sif Muna
Trog
Uskayaw
Vehumet
Yredelemnul
Zin
The Shining One

Shops:
D:5 %


Innate Abilities, Weirdness & Mutations

You are partially covered in large bone plates. (SH +4)
You can translocate small distances at will.
You have an increased reservoir of magic. (+10% MP)
You are resistant to hostile enchantments. (MR+)


Message History

Some of the chunks of flesh in your inventory have rotted away.
You hit the killer bee.
The killer bee is severely wounded.
The killer bee stings you but does no damage.
The killer bee completely misses you.
You slash the killer bee!
You kill the killer bee!
Beogh accepts your kill. The water moccasin closely misses you.
Your shield and chain mail prevent you from hitting the water moccasin.
The water moccasin bites you but does no damage.
The water moccasin bites you.
* * * LOW HITPOINT WARNING * * *
You are poisoned.
The water moccasin poisons you!
You feel sick.
You hit the water moccasin.
The water moccasin is lightly wounded.
You feel sick. The water moccasin bites you!
You die...

.. ##.##.# #.###
#†[)..#
...#######..####
...........#
#†#######.## #.#
#.# #†# #.#
##.#######.#
#...yS@....#
#..#########
.....# #...#.##
#...#. ... #.
... #.


You could see a water moccasin and a killer bee.

Vanquished Creatures
  Grinder (D:5)
  3 steam dragons (D:7)
  A black bear (D:8)
  An orc warrior (D:6)
  A sky beast (D:5)
  2 ice beasts
  3 ogres
  4 centaurs
  A bullfrog (D:6)
  10 killer bees (D:8)
  3 crimson imps
  An orc priest (D:8)
  A jelly (D:4)
  Crazy Yiuf (D:6)
  2 hounds
  8 orc wizards
  3 iguanas
  4 worker ants
  3 gnolls (D:6)
  A howler monkey skeleton (D:5)
  4 adders
  An ooze (D:4)
  4 adder skeletons
  3 worms
  3 leopard geckos
  21 orcs
  2 ball pythons
  10 bats
  4 giant cockroaches
  7 goblins
  6 hobgoblins
  16 jackals
  2 kobolds
  4 frilled lizards
  2 leopard gecko skeletons (D:4)
  A leopard gecko zombie (D:5)
  A quokka zombie (D:6)
  7 rats
152 creatures vanquished.

Notes
Turn   | Place    | Note
-------+----------+-------------------------------------------
     0 | D:1      | lauthentik the Hill Orc Fighter began the quest for the Orb.
     0 | D:1      | Reached XP level 1. HP: 19/19 MP: 1/1
   143 | D:1      | Reached XP level 2. HP: 27/27 MP: 2/2
   756 | D:2      | Reached XP level 3. HP: 33/33 MP: 3/3
   924 | D:2      | Reached skill level 3 in Axes
  1294 | D:3      | Reached XP level 4. HP: 36/40 MP: 4/4
  1581 | D:3      | Reached skill level 4 in Axes
  1581 | D:3      | Reached skill level 1 in Dodging
  2102 | D:3      | Reached XP level 5. HP: 41/47 MP: 5/5
  2304 | D:4      | Noticed an ogre
  2311 | D:4      | Killed an ogre
  2311 | D:4      | Reached skill level 5 in Axes
  2311 | D:4      | Reached XP level 6. HP: 53/53 MP: 6/6
  2367 | D:4      | Gained mutation: You are clumsy. (Dex -2) [potion of mutation]
  2367 | D:4      | Gained mutation: You are partially covered in large bone plates. (SH +4) [potion of mutation]
  2367 | D:4      | Gained mutation: You are robust. (+10% HP) [potion of mutation]
  2367 | D:4      | Gained mutation: You possess an exceptional clarity of mind. [potion of mutation]
  2393 | D:4      | Found a staircase to the Ecumenical Temple.
  2411 | Temple   | Entered the Ecumenical Temple
  2991 | D:4      | Became a worshipper of Beogh the Brigand
  3065 | D:5      | Entered Level 5 of the Dungeon
  3082 | D:4      | Reached skill level 6 in Axes
  3082 | D:4      | Reached skill level 1 in Throwing
  3082 | D:4      | Reached XP level 7. HP: 24/66 MP: 7/7
  3341 | D:5      | Reached skill level 5 in Armour
  3398 | D:5      | Gained mutation: You are resistant to hostile enchantments. (MR+) [mutagenic meat]
  3407 | D:5      | Reached skill level 5 in Fighting
  3409 | D:5      | Gained mutation: You are very clumsy. (Dex -4) [mutagenic meat]
  3411 | D:5      | Lost mutation: You are robust. (+10% HP) [mutagenic meat]
  3412 | D:5      | Gained mutation: Your body sometimes deteriorates upon taking damage. [mutagenic meat]
  3413 | D:5      | Gained mutation: You occasionally shout uncontrollably at your foes. [mutagenic meat]
  3414 | D:5      | Lost mutation: You are very clumsy. (Dex -4) [potion of mutation]
  3414 | D:5      | Lost mutation: Your body sometimes deteriorates upon taking damage. [potion of mutation]
  3414 | D:5      | Lost mutation: You occasionally shout uncontrollably at your foes. [potion of mutation]
  3414 | D:5      | Lost mutation: You possess an exceptional clarity of mind. [potion of mutation]
  3414 | D:5      | Lost mutation: You are clumsy. (Dex -2) [potion of mutation]
  3414 | D:5      | Gained mutation: You have an increased reservoir of magic. (+10% MP) [potion of mutation]
  3414 | D:5      | Gained mutation: You can translocate small distances at will. [potion of mutation]
  3498 | D:5      | Reached skill level 5 in Shields
  3513 | D:5      | Reached skill level 7 in Axes
  3559 | D:5      | Reached XP level 8. HP: 48/68 MP: 8/8
  3660 | D:5      | Found Petej's Food Shop.
  3704 | D:5      | Noticed Grinder
  3711 | D:5      | Killed Grinder
  3711 | D:5      | Reached skill level 8 in Axes
  4066 | D:6      | Reached * piety under Beogh
  4237 | D:6      | Found an iron altar of Okawaru.
  4302 | D:6      | Reached skill level 9 in Axes
  4482 | D:6      | Found a runed door.
  4519 | D:6      | Noticed a moth of wrath
  4522 | D:6      | Found a bloodstained altar of Trog.
  4583 | D:6      | Reached XP level 9. HP: 75/75 MP: 9/9
  4633 | D:6      | Noticed Crazy Yiuf
  4637 | D:6      | Killed Crazy Yiuf
  4862 | D:7      | Reached skill level 10 in Axes
  5014 | D:8      | Reached ** piety under Beogh
  5575 | D:8      | Reached skill level 11 in Axes
  5583 | D:8      | Slain by a water moccasin

Skill      XL: |  1  2  3  4  5  6  7  8  9 |
---------------+----------------------------+-----
Axes           | 3 4 5 6 7 9 11 | 11.0
Fighting       | 4 5 6 |  6.4
Armour         | 4 5 6 |  6.9
Dodging        | 1 2 |  2.6
Shields        | 4 5 6 7 |  7.7
Throwing       | 1 |  1.1
Stealth        | |  0.1

Action                   |  1- 3 |  4- 6 |  7- 9 || total
-------------------------+-------+-------+-------++-------
Melee: War axe           |   144 |   170 |   117 ||   431
       Broad axe         |       |       |   189 ||   189
Throw: Tomahawk          |       |     5 |     4 ||     9
Invok: Convert to Beogh  |       |     1 |       ||     1
  Use: Potion            |       |     1 |     3 ||     4
 Stab: Distracted        |       |       |     1 ||     1
  Eat: Chunk             |     2 |     5 |    15 ||    22
Armor: Scale mail        |    88 |    79 |    20 ||   187
       Chain mail        |       |       |   132 ||   132
Dodge: Dodged            |    61 |    47 |    73 ||   181
Block: Shield            |    85 |    71 |   245 ||   401
